 Dungeon Crawl Stone Soup version 0.30-a0-222-ge547ba4400 (webtiles) character file.

Game seed: 12344398895972131410

254 porpoise the Shooter (level 5, -1/41 HPs)
             Began as a Demonspawn Hexslinger on Oct 9, 2022.
             Slain by Grinder (4 damage)
             ... on level 4 of the Dungeon.
             The game lasted 00:08:36 (2913 turns).

porpoise the Shooter (Demonspawn Hexslinger)        Turns: 2913, Time: 00:08:36

Health: -1/41      AC:  5    Str: 10    XL:     5   Next: 90%
Magic:  6/6        EV: 12    Int: 17    God:
Gold:   212        SH:  0    Dex: 13    Spells: 2/6 levels left

rFire   . . .      SeeInvis .    a - +1 sling
rCold   . . .      Faith    .    (no shield)
rNeg    . . .      Spirit   .    c - +0 robe
rPois   .          Reflect  .    (no helmet)
rElec   .          Harm     .    (no cloak)
rCorr   .          Rampage  .    (no gloves)
Will    .....                    v - +0 pair of boots
Stlth   +.........               p - amulet of the acrobat
HPRegen 0.26/turn                (no ring)
MPRegen 0.10/turn                (no ring)

@: no status effects
A: slimy green scales 1, spiny 1
a: no special abilities


You were on level 4 of the Dungeon.
You visited 1 branch of the dungeon, and saw 4 of its levels.

You collected 212 gold pieces.

Inventory:

Hand Weapons
 a - a +1 sling (weapon)
 b - a +0 spear
Missiles
 f - a poisoned dart
Armour
 c - a +0 robe (worn)
 v - a +0 pair of boots (worn)
Magical Staves
 w - a staff of poison
Jewellery
 p - an amulet of the acrobat (around neck)
Scrolls
 d - a scroll of enchant armour {unknown}
 e - a scroll of brand weapon {unknown}
 g - a scroll of vulnerability {unknown}
 h - a scroll of teleportation {unknown}
 i - 2 scrolls of amnesia
 j - a scroll of enchant weapon {unknown}
 l - a scroll of fear {unknown}
 n - 2 scrolls of poison
 x - a scroll of identify
Potions
 k - a potion of berserk rage
 m - a potion of might
 o - 2 potions of mutation
 q - 2 potions of heal wounds
 r - a potion of curing
 s - a potion of flight {unknown}
 t - a potion of resistance {unknown}
 u - a potion of brilliance {unknown}


   Skills:
 + Level 3.3 Fighting
 * Level 4.7 Ranged Weapons
 - Level 1.7 Dodging
 - Level 1.0 Spellcasting
 - Level 3.0 Hexes


You had 2 spell levels left.
You knew the following spells:

 Your Spells              Type           Power      Damage    Failure   Level
a - Slow                  Hex            44%        N/A       6%          1
p - Portal Projectile     Hex/Tloc       10%        N/A       34%         3

Your spell library contained the following spells:

 Spells                   Type           Power      Damage    Failure   Level
 Necrotise                Necr           0%         1d4       22%         1
 Shock                    Conj/Air       0%         1d3       22%         1
 Inner Flame              Hex/Fire       5%         N/A       34%         3
 Cause Fear               Hex            5%         N/A       52%         4
 Stone Arrow              Conj/Erth      0%         3d7       54%         3
 Swiftness                Air            0%         N/A       54%         3
 Vampiric Draining        Necr           0%         2d6       54%         3
 Airstrike                Air            0%         2d(0-16)  91%         4
 Animate Armour           Summ/Erth      0%         N/A       91%         4
 Agony                    Necr           0%         N/A       99%         5
 Lehudib's Crystal Spear  Conj/Erth      0%         10d2      100%        8


Dungeon Overview and Level Annotations

Branches:
Dungeon (4/15)
 Temple: D:4-7

Altars:
Cheibriados
Dithmenos
Qazlal

Annotations:
D:4 Grinder


Innate Abilities, Weirdness & Mutations

You are partially covered in slimy green scales. (AC +2)
You are partially covered in sharp spines.


Message History

Grinder gestures at you. Pain shoots through your body!
You shoot a sling bullet.
The sling bullet closely misses Grinder.
Grinder misses you.
You shoot a sling bullet. The sling bullet hits Grinder.
Grinder is lightly wounded.
Grinder is struck by your spines. Grinder hits you.
You writhe in agony.
You are too injured to fight recklessly!
You are too injured to fight recklessly!
You are too injured to fight recklessly!
You are too injured to fight recklessly!
Throw: 4 darts (poison)
Press: ? - help, Q - select action, (/) - cycle Shift-Dir - straight line, f/p - Grinder
Aim: Grinder (lightly wounded, 53% to hit)
You throw a poisoned dart. The poisoned dart hits Grinder.
Grinder is lightly wounded.
Grinder closely misses you.
Throw: 3 darts (poison)
Press: ? - help, Q - select action, (/) - cycle Shift-Dir - straight line, f/p - Grinder
Aim: Grinder (lightly wounded, 53% to hit)
You throw a poisoned dart. The poisoned dart hits Grinder.
Grinder is lightly wounded.
Grinder is struck by your spines. Grinder closely misses you.
Throw: 2 darts (poison)
Press: ? - help, Q - select action, (/) - cycle Shift-Dir - straight line, f/p - Grinder
Aim: Grinder (moderately wounded, 53% to hit)
You throw a poisoned dart.
The poisoned dart closely misses Grinder.
Grinder hits you.
You writhe in agony.
* * * LOW HITPOINT WARNING * * *
Fire: a) +1 sling
Press: ? - help, Q - select action, (/) - cycle Shift-Dir - straight line, f/p - Grinder
Aim: Grinder (moderately wounded, 55% to hit)
You shoot a sling bullet. The sling bullet hits Grinder.
Grinder is moderately wounded.
Grinder hits you!
* * * LOW HITPOINT WARNING * * *
You writhe in agony.
You die...

##.## #.......#.....
#..####.......#..###
#..(..#.......#..#
#....(#.......#..#
#.....####.####..#
#.....# #.......#
#.....# #######.#
###5### #.....# #@#
#.###.# #.###### #.#
#.### #......# #.#
#.†.. ######.###.#
#.### #..##.###.#
##.##.##..###
#..#.##.###.
##.....>###.
####.#......


You could see Grinder.

Vanquished Creatures
  A necrophage (D:4)
  A hound (D:4)
  Terence (D:2)
  2 adders
  4 gnolls (D:2)
  An ufetubus (D:4)
  3 worms (D:3)
  An orc (D:4)
  6 ball pythons
  8 endoplasms
  3 goblins
  11 hobgoblins
  3 jackals (D:2)
  2 quokkas
  4 bats
  2 frilled lizards (D:2)
  6 kobolds
  4 rats
63 creatures vanquished.

Notes
Turn   | Place    | Note
-------+----------+-------------------------------------------
     0 | D:1      | porpoise the Demonspawn Hexslinger began the quest for the
                  | Orb.
     0 | D:1      | Reached XP level 1. HP: 15/15 MP: 2/2
   187 | D:1      | Reached skill level 2 in Ranged Weapons
   391 | D:1      | Gained mutation: You are partially covered in slimy green
                  | scales. (AC +2) [demonic ancestry]
   391 | D:1      | Reached XP level 2. HP: 21/21 MP: 3/3
  1038 | D:2      | Found a faded altar of an unknown god.
  1099 | D:2      | Gained mutation: You are partially covered in sharp spines.
                  | [demonic ancestry]
  1099 | D:2      | Reached XP level 3. HP: 27/27 MP: 1/4
  1104 | D:2      | Reached skill level 3 in Ranged Weapons
  1246 | D:2      | Reached XP level 4. HP: 33/33 MP: 5/5
  1272 | D:2      | Noticed Terence
  1287 | D:2      | Killed Terence
  1359 | D:2      | Learned a level 3 spell: Portal Projectile
  2319 | D:3      | Reached skill level 4 in Ranged Weapons
  2374 | D:3      | Reached XP level 5. HP: 36/39 MP: 4/6
  2669 | D:4      | Found a snail-covered altar of Cheibriados.
  2669 | D:4      | Found a shadowy altar of Dithmenos.
  2674 | D:4      | Found a stormy altar of Qazlal.
  2886 | D:4      | Noticed Grinder
  2913 | D:4      | Slain by Grinder

Illustrated notes

Levels and vault maps discovered:
D:1:      dpeg_arrival_three_bigger_balls, layout_basic, serial_curves,
          eino_curves_01, eino_curves_01, eino_curves_03, eino_curves_01
D:2:      layout_basic, hellmonk_ecumenical_altar_zigzags, uniq_terence
D:3:      layout_rooms, chequers_serial_rivers_micro_b
D:4:      layout_basic, jmf_multi_god_temple,
          gammafunk_temple_overflow_forgotten, uniq_grinder

Skill      XL: |  1  2  3  4  5 |
---------------+----------------+-----
Ranged Weapons | 2 3 4 |  4.7
Fighting       | 2 3 |  3.3
Dodging        | |  1.7
Spellcasting   | |  1.0
Hexes          | |  3.0

Action                   |  1- 3 |  4- 6 || total
-------------------------+-------+-------++-------
 Fire: Sling             |    80 |   145 ||   225
Throw: Dart              |       |     4 ||     4
 Cast: Slow              |    11 |    20 ||    31
  Use: Scroll            |       |     6 ||     6
Armor: Robe              |    16 |    18 ||    34
Dodge: Dodged            |    39 |    47 ||    86

Table legend: (Time is in decaauts)
 A = Elapsed time spent in this place.
 B = Non-inter-level travel time spent in this place.
 C = Inter-level travel time spent in this place.
 D = Time resting spent in this place.
 E = Time spent auto-exploring this place.
 F = Levels seen in this place.
 G = Mean time per level.
                   A        B        C        D        E       F      G
               +--------+--------+--------+--------+--------+-----+--------+
         Total |   2962 |   2859 |    103 |    365 |   2004 |   4 |  740.5 |
       Dungeon |   2962 |   2859 |    103 |    365 |   2004 |   4 |  740.5 |
               +--------+--------+--------+--------+--------+-----+--------+

Top non-repeatable levels by time:
     D:2: 1087 daAuts
     D:1: 973 daAuts
     D:3: 651 daAuts
     D:4: 250 daAuts
